 Dungeon Crawl Stone Soup version 0.22.0-60-ga52c2fc (webtiles) character file.

58 shmeve the Ducker (level 3, -8/43 HPs)
             Began as a Vampire Berserker on Sept 10, 2018.
             Was a Believer of Trog.
             Mangled by an ogre
             ... wielding a +0 giant spiked club
              (25 damage)
             ... on level 3 of the Dungeon.
             The game lasted 00:04:23 (1635 turns).

shmeve the Ducker (Vampire Berserker)               Turns: 1635, Time: 00:04:23

Health: -8/43      AC:  4    Str: 22    XL:     3   Next: 76%
Magic:  3/3        EV: 13    Int:  9    God:    Trog [**....]
Gold:   48         SH:  0    Dex: 13    Spells: 2/2 levels left

rFire    . . .     SeeInvis +   a - +0 hand axe
rCold    . . .     Gourm    .   (no shield)
rNeg     + . .     Faith    .   b - +0 animal skin
rPois    .         Spirit   .   (no helmet)
rElec    .         Reflect  .   (no cloak)
rCorr    .         Harm     .   (no gloves)
MR       ++...                  g - +1 pair of boots
Stlth    ..........             (no amulet)
HPRegen  1.34/turn              d - ring of positive energy
MPRegen  0.08/turn              (no ring)

@: berserking, regenerating, very quick
A: fangs 3, see invisible, unbreathing
a: Berserk, Trog's Hand, Renounce Religion


You were on level 3 of the Dungeon.
You worshipped Trog.
Trog was pleased with you.
You were full.

You visited 1 branch of the dungeon, and saw 3 of its levels.

You collected 48 gold pieces.

Inventory:

Hand Weapons
 a - a +0 hand axe (weapon)
Armour
 b - a +0 animal skin (worn)
 g - a +1 pair of boots (worn)
Jewellery
 d - a ring of positive energy (left hand)
Scrolls
 e - 4 scrolls of identify {unknown}
 h - a scroll of amnesia {unknown}
 i - a scroll of remove curse {unknown}
Potions
 c - 9 potions of blood
 f - a potion of heal wounds {unknown}
 j - a potion of cancellation {unknown}


   Skills:
 * Level 3.1 Fighting
 * Level 3.1 Axes
 - Level 1.5 Armour
 * Level 3.2 Dodging
 + Level 1.9 Stealth


You had 2 spell levels left.
You didn't know any spells.
Your spell library was empty.

Dungeon Overview and Level Annotations

Branches:
Dungeon (3/15)

Altars:
Cheibriados
Gozag


Innate Abilities, Weirdness & Mutations

Your natural rate of healing is unusually fast.
You have razor-sharp teeth.
You have supernaturally acute eyesight. (SInv)
You can survive without breathing.


Message History

Trog accepts your kill. The orc hits you. The orc priest misses you.
Unknown command.
A red film seems to cover your vision as you go berserk!
You feel yourself moving faster!
You feel mighty! The orc hits you but does no damage.
The orc priest hits you with a hand axe!
The orc wizard barely misses you.
You hit the orc.
You kill the orc!
Trog accepts your kill.
You hit the orc priest. You barely miss the orc wizard.
The orc priest invokes the aid of Beogh against you.
You resist with almost no effort. The orc wizard barely misses you.
You slash the ogre!
The ogre is moderately wounded.
You barely miss the orc wizard. You closely miss the orc priest.
The ogre hits you with a giant spiked club!!
Ouch! That really hurt!
You die...

...# .. #. ..# ...
#... ..# .... #....
..###....
#...###........
####...#...K......
#.........oO......
#.....)...@.......
#.........o.......
#......†..........
####.........######.#
#............'.... #
#.##.........#####
#.############ #.#
#.# #......#


You could see an ogre, an orc priest, an orc wizard and a kobold.

Vanquished Creatures
  A worm (D:2)
  A dart slug (D:2)
  A leopard gecko (D:3)
  An orc (D:3)
  6 bats
  7 goblins
  5 hobgoblins
  4 jackals (D:2)
  9 kobolds
  A quokka (D:2)
  A ball python (D:2)
  4 frilled lizards
  8 rats
49 creatures vanquished.

Notes
Turn   | Place    | Note
-------+----------+-------------------------------------------
     0 | D:1      | shmeve the Vampire Berserker began the quest for the Orb.
     0 | D:1      | Reached XP level 1. HP: 17/17 MP: 1/1
   284 | D:1      | Reached XP level 2. HP: 23/23 MP: 2/2
   639 | D:1      | Reached skill level 1 in Stealth
   870 | D:2      | Reached XP level 3. HP: 25/29 MP: 3/3
   871 | D:2      | Reached ** piety under Trog
  1017 | D:2      | Found a faded altar of an unknown god.
  1059 | D:2      | Found an opulent altar of Gozag.
  1335 | D:2      | Found a snail-covered altar of Cheibriados.
  1627 | D:3      | Noticed an ogre
  1635 | D:3      | Mangled by an ogre

Skill      XL: |  1  2  3 |
---------------+----------+-----
Stealth        | 1 |  1.9
Axes           | 3 |  3.1
Fighting       | 3 |  3.1
Dodging        | 3 |  3.2
Armour         | |  1.5

Action                   || total
-------------------------++-------
Melee: Hand axe          ||   105
       Bite              ||    11
Invok: Berserk           ||     1
       Trog's Hand       ||     1
  Use: Potion            ||     1
 Stab: Sleeping          ||     5
       Distracted        ||     1
  Eat: Corpse            ||    11
Armor: Animal skin       ||    31
Dodge: Dodged            ||    94
